Workbook
Name maliste: BASE!$A$2:$A$23

Sheet FACTURE
A10: DATE : | B10: =TODAY() -> 42040 | E10: =IFERROR(INDEX('COORDONNEE PROPRIETAIRE'!$E$2:$E$38,MATCH(B18,'COORDONNEE PROPRIETAIRE'!$B$2:$B$38,0)),"") -> 3
A11: FACTURE :
A12: Mail: | B12: =IFERROR(INDEX('COORDONNEE PROPRIETAIRE'!G2:G38,MATCH(B18,'COORDONNEE PROPRIETAIRE'!$B$2:$B$38,0)),"") -> c
B17: NOM DU CHEVAL | E17: IDENTIFICATION | H17: Nom Propriètaire
B18: ARISTO | E18: =IFERROR(INDEX('COORDONNEE PROPRIETAIRE'!$C$2:$C$38,MATCH(B18,'COORDONNEE PROPRIETAIRE'!$B$2:$B$38,0)),"") -> a3 | H18: =IFERROR(INDEX('COORDONNEE PROPRIETAIRE'!$D$2:$D$38,MATCH(B18,'COORDONNEE PROPRIETAIRE'!$B$2:$B$38,0)),"") -> FLORENCE
A21: DESIGNATION | E21: PRIX UNITAIRE | F21: NB UNITE | G21: PRIX TOTAL H.T | H21: CODE TVA
A24: TYPE DE PENSION :
E25: =IFERROR(INDEX(BASE!$B$1:$B$30,MATCH(B25,BASE!$A$1:$A$30,0)),"") | G25: =IFERROR(E25*F25,"")
E26: =IFERROR(INDEX(BASE!$B$1:$B$30,MATCH(B26,BASE!$A$1:$A$30,0)),"") | G26: =IFERROR(E26*F26,"")
E27: =IFERROR(INDEX(BASE!$B$1:$B$30,MATCH(B27,BASE!$A$1:$A$30,0)),"") | G27: =IFERROR(E27*F27,"")
A28: SUPPLEMENTS : | E28: =IFERROR(INDEX(BASE!$B$1:$B$30,MATCH(B28,BASE!$A$1:$A$30,0)),"") | G28: =IFERROR(E28*F28,"")
E29: =IFERROR(INDEX(BASE!$B$1:$B$30,MATCH(B29,BASE!$A$1:$A$30,0)),"") | G29: =IFERROR(E29*F29,"")
E30: =IFERROR(INDEX(BASE!$B$1:$B$30,MATCH(B30,BASE!$A$1:$A$30,0)),"") | G30: =IFERROR(E30*F30,"")
E31: =IFERROR(INDEX(BASE!$B$1:$B$30,MATCH(B31,BASE!$A$1:$A$30,0)),"") | G31: =IFERROR(E31*F31,"")
E32: =IFERROR(INDEX(BASE!$B$1:$B$30,MATCH(B32,BASE!$A$1:$A$30,0)),"") | G32: =IFERROR(E32*F32,"")
E33: =IFERROR(INDEX(BASE!$B$1:$B$30,MATCH(B33,BASE!$A$1:$A$30,0)),"") | G33: =IFERROR(E33*F33,"")
E34: =IFERROR(INDEX(BASE!$B$1:$B$30,MATCH(B34,BASE!$A$1:$A$30,0)),"") | G34: =IFERROR(E34*F34,"")
E35: =IFERROR(INDEX(BASE!$B$1:$B$30,MATCH(B35,BASE!$A$1:$A$30,0)),"") | G35: =IFERROR(E35*F35,"")
E36: =IFERROR(INDEX(BASE!$B$1:$B$30,MATCH(B36,BASE!$A$1:$A$30,0)),"") | G36: =IFERROR(E36*F36,"")
D39: TOTAL H.T | G39: =SUM(G25:G36) -> 0
D40: TVA 20 % | G40: =G39*20% -> 0
D41: TOTAL T.T.C | G41: =G39+G40 -> 0
D42: ACOMPTE RECU
A44: TYPE REGLEMENT : | E44: TOTAL A PAYER | H44: =G41-G42 -> 0
A46: OBSERVATIONS OU INFORMATIONS CLIENTS

Sheet BASE
A1: DESIGNATION | B1: PRIX UNITAIRE
A2: pré / box haut | B2: 291.67
A3: pré / box bas | B3: 241.67
A4: pré / stabu | B4: 283.34
A5: paddock / box | B5: 308.33
A6: paddock / stabu | B6: 300
A7: 100 % pré cheval | B7: 133.33
A8: 100 % pré poney | B8: 129.17
A9: pré avec foin cheval | B9: 144.67
A10: pré avec foin poney | B10: 141.67
A11: pré avec orge cheval | B11: 166.67
A12: pré avec orge poney | B12: 154.17
A13: pré avec orge et granulés cheval | B13: 179.17
... A23: parking VAN | B23: 8.34

Sheet COORDONNEE PROPRIETAIRE
B1: NOM CHEVAL | C1: IDENTIFICATION | D1: NOM PROPRIETAIRE | E1: ADRESSE | F1: TELEPHONE | G1: MAIL
A2: 1 | B2: A NEW LIFE | C2: a1 | D2: CAROLINE | E2: 1 | G2: a
A3: 2 | B3: AKIRA | C3: a2 | D3: MARTINE | E3: 2 | G3: b
A4: 3 | B4: ARISTO | C4: a3 | D4: FLORENCE | E4: 3 | G4: c
A5: 4 | B5: BEAUTY | C5: a4 | D5: RONALD | E5: 4 | G5: d
A6: 5 | B6: DIAMANT | C6: a5 | D6: RONALD | E6: 5 | G6: e
A7: 6 | B7: EDDY | C7: a6 | D7: INGRID | E7: 6 | G7: f
A8: 7 | B8: ETOILE | C8: a7 | D8: CHLOE | E8: 7 | G8: g
A9: 8 | B9: GAMIN | C9: a8 | D9: LAURIANE | E9: 8 | G9: h
A10: 9 | B10: GUINEE | C10: a9 | D10: DOMINIQUE | E10: 9 | G10: i
A11: 10 | B11: HEGAP | C11: a10 | D11: OLIVIER | E11: 10 | G11: j
A12: 11 | B12: HERMES | C12: a11 | D12: ALEXANDRA | E12: 11 | G12: k
A13: 12 | B13: IBELLA | C13: a12 | D13: JACQUELINE | E13: 12 | G13: l
... A38: 37 | B38: VIOLETTE | C38: a37 | D38: MARIE | E38: 37 | G38: kk
A39: 38
A40: 39
A41: 40
A42: 41
A43: 42
A44: 43
A45: 44
A46: 45
A47: 46
A48: 47
